 Dungeon Crawl Stone Soup version 0.22.0-6-g71bd7aa (webtiles) character file.

1554 Dietz the Cudgeler (level 8, -4/66 HPs)
             Began as a Demigod Enchanter on Aug 15, 2018.
             Slain by an orc warrior
             ... wielding a +0 battleaxe
              (10 damage)
             ... on level 7 of the Dungeon.
             The game lasted 00:22:27 (6071 turns).

Dietz the Cudgeler (Demigod Enchanter)              Turns: 6071, Time: 00:22:28

Health: -4/66      AC: 15    Str: 11    XL:     8   Next: 32%
Magic:  13/13      EV: 14    Int: 19    God:
Gold:   314        SH:  0    Dex: 20    Spells: 4/10 levels left

rFire    . . .     SeeInvis .   g - +3 mace (protect)
rCold    . . .     Gourm    .   (no shield)
rNeg     . . .     Faith    .   y - +2 leather armour {rPois}
rPois    +         Spirit   .   (no helmet)
rElec    .         Reflect  .   l - +2 cloak
rCorr    .         Harm     .   (no gloves)
MR       .....                  (no boots)
Stlth    ++........             (no amulet)
HPRegen  0.21/turn              (no ring)
MPRegen  0.13/turn              (no ring)

@: protection aura
A: high mp 1
a: no special abilities


You were on level 7 of the Dungeon.
You were not hungry.

You visited 1 branch of the dungeon, and saw 7 of its levels.

You collected 314 gold pieces.

Inventory:

Hand Weapons
 a - a +1 dagger
 f - a +1 short sword of venom
 g - a +3 mace of protection (weapon)
 q - a +0 blowgun
Missiles
 e - 201 stones (quivered)
 t - 33 poisoned needles
Armour
 i - a +0 ring mail
 l - a +2 cloak (worn)
 y - a +2 leather armour of poison resistance (worn)
Wands
 c - a wand of paralysis (15)
 p - a wand of clouds (4)
 w - a wand of digging (20)
Scrolls
 h - a scroll of fear
 o - a scroll of blinking {unknown}
 r - 3 scrolls of immolation {unknown}
 v - 3 scrolls of remove curse
 A - a scroll of amnesia
 B - a scroll of enchant armour
Potions
 b - 2 potions of haste
 j - 2 potions of lignification
 k - 2 potions of curing
 m - a potion of brilliance
 n - a potion of mutation
 s - 2 potions of heal wounds
 x - a potion of ambrosia {unknown}
 C - a potion of invisibility {unknown}
Comestibles
 d - 9 rations
 u - 2 chunks of flesh


   Skills:
 * Level 3.8 Fighting
 - Level 1.0 Short Blades
 * Level 7.5 Maces & Flails
 + Level 2.4 Armour
 + Level 3.6 Dodging
 - Level 3.0 Stealth
 + Level 1.8 Spellcasting
 - Level 3.0 Hexes


You had 4 spell levels left.
You knew the following spells:

 Your Spells              Type           Power        Failure   Level  Hunger
a - Corona                Hex            ##.....      7%          1    #......
b - Ensorcelled Hibernat  Hex/Ice        #.....       19%         2    ###....
c - Confuse               Hex            ##......     21%         3    ###....

Your spell library contained the following spells:

 Spells                   Type           Power        Failure   Level  Hunger
 Tukima's Dance           Hex            ##......     21%         3    ###....
 Dazzling Spray           Conj/Hex       #.....       36%         3    ###....


Dungeon Overview and Level Annotations

Branches:
Dungeon (7/15)             Temple (0/1) D:5

Shops:
D:6 [   D:7 :

Annotations:
D:7 Prince Ribbit


Innate Abilities, Weirdness & Mutations

You have an increased reservoir of magic. (+10% MP)


Message History

The orc warrior hits you but does no damage.
You closely miss the orc warrior.
The orc warrior is heavily wounded.
The orc warrior hits you but does no damage.
You hit the orc warrior.
The orc warrior is severely wounded.
The orc warrior barely misses you.
You hit the orc warrior.
The orc warrior is severely wounded.
You hit the orc warrior.
The orc warrior is almost dead.
The orc warrior hits you with a battleaxe!!
You hit the orc warrior.
The orc warrior is almost dead.
The orc warrior hits you with a battleaxe!!
* * * LOW HITPOINT WARNING * * *
You hit the orc warrior but do no damage.
The orc warrior is almost dead.
The orc warrior hits you with a battleaxe!
You die...

#.#.#.♣.♣.#.#
#.#.##...##.#
#.#.♣#####♣.#
+########.##.).....##
..........<####)####
................#
..........#######
∩............##
.......@.........
......o....######
...........#
...........#
...........#
...........#
...........#
##########.#


You could see an orc warrior.

Vanquished Creatures
  Grinder (D:6)
  Eustachio (D:4)
  A sky beast (D:6)
  2 ogres
  A big kobold (D:3)
  A howler monkey (D:6)
  A vampire bat (D:4)
  3 hounds
  3 orc priests
  A jelly (D:7)
  3 orc wizards
  6 worker ants
  A hound skeleton (D:4)
  7 gnolls (D:6)
  9 adders
  2 shadow imps
  2 adder zombies
  3 worms (D:2)
  A dart slug (D:4)
  3 fire bats (D:4)
  3 leopard geckos
  15 orcs
  2 spectral bats (D:4)
  11 bats
  3 bat skeletons (D:4)
  A bat zombie (D:4)
  4 giant cockroaches
  10 goblins
  3 hobgoblins
  2 jackals (D:1)
  9 kobolds (D:3)
  2 quokkas
  A bat simulacrum (D:4)
  7 frilled lizards
  A giant cockroach zombie (D:2)
  A quokka skeleton (D:6)
  8 rats
135 creatures vanquished.

Notes
Turn   | Place    | Note
-------+----------+-------------------------------------------
     0 | D:1      | Dietz the Demigod Enchanter began the quest for the Orb.
     0 | D:1      | Reached XP level 1. HP: 14/14 MP: 5/5
    87 | D:1      | You fall through a shaft!
   155 | D:2      | Reached skill level 1 in Short Blades
   208 | D:2      | Reached XP level 2. HP: 16/22 MP: 7/7
   852 | D:2      | Reached XP level 3. HP: 12/27 MP: 8/8
   863 | D:2      | Reached skill level 1 in Fighting
   864 | D:2      | Reached skill level 1 in Maces & Flails
  1155 | D:2      | Learned a level 2 spell: Ensorcelled Hibernation
  2283 | D:3      | Reached skill level 2 in Maces & Flails
  2287 | D:3      | Reached XP level 4. HP: 24/35 MP: 9/9
  2674 | D:3      | Noticed a big kobold
  2689 | D:3      | Killed a big kobold
  2700 | D:3      | Reached skill level 3 in Maces & Flails
  2797 | D:3      | Reached XP level 5. HP: 37/41 MP: 10/10
  3064 | D:3      | Reached skill level 1 in Armour
  3283 | D:3      | Learned a level 3 spell: Confuse
  3396 | D:4      | Noticed Eustachio
  3409 | D:4      | Noticed an ogre
  3420 | D:4      | Killed an ogre
  3546 | D:4      | Reached skill level 4 in Maces & Flails
  3546 | D:4      | Reached XP level 6. HP: 45/48 MP: 11/11
  4027 | D:5      | Entered Level 5 of the Dungeon
  4130 | D:5      | Reached skill level 5 in Maces & Flails
  4359 | D:5      | Found a staircase to the Ecumenical Temple.
  4464 | D:5      | Reached XP level 7. HP: 52/56 MP: 12/12
  4701 | D:5      | Found a stormy altar of Qazlal.
  4779 | D:6      | Noticed Grinder
  4926 | D:4      | Killed Eustachio
  4926 | D:4      | Reached skill level 6 in Maces & Flails
  5387 | D:6      | Killed Grinder
  5387 | D:6      | Reached XP level 8. HP: 53/63 MP: 13/13
  5484 | D:6      | Reached skill level 7 in Maces & Flails
  5489 | D:6      | Found a sparkling altar of Nemelex Xobeh.
  5712 | D:6      | Found Igisoth's Antique Armour Emporium.
  5845 | D:7      | Noticed Prince Ribbit
  6037 | D:7      | Found Ugikubeg's Book Boutique.
  6071 | D:7      | Slain by an orc warrior

Skill      XL: |  1  2  3  4  5  6  7  8 |
---------------+-------------------------+-----
Short Blades   | 1 |  1.0
Hexes          | 3 |  3.0
Dodging        | 2 3 |  3.6
Stealth        | 3 |  3.0
Fighting       | 1 2 3 |  3.8
Maces & Flails | 2 3 4 5 6 7 |  7.5
Armour         | 1 2 |  2.4
Spellcasting   | |  1.8

Action                   |  1- 3 |  4- 6 |  7- 9 || total
-------------------------+-------+-------+-------++-------
Melee: Dagger            |    16 |       |       ||    16
       Mace              |   128 |   245 |   186 ||   559
 Cast: Corona            |     1 |       |       ||     1
Evoke: Wand              |       |     1 |       ||     1
  Use: Scroll            |     2 |    11 |     2 ||    15
 Stab: Sleeping          |     4 |     3 |     6 ||    13
       Paralysed         |       |     5 |       ||     5
  Eat: Chunk             |     4 |     8 |     5 ||    17
Armor: Robe              |    31 |       |       ||    31
       Ring mail         |    50 |   201 |    17 ||   268
       Leather armour    |       |       |    42 ||    42
Dodge: Dodged            |   118 |   241 |   118 ||   477
